 Dungeon Crawl Stone Soup version 0.29.1-1-gd02db6906a (webtiles) character file.

Game seed: 934925485401215892

6491 mcbry74 the Severer (level 10, 0/120 HPs)
             Began as a Minotaur Berserker on Sept 28, 2022.
             Was an Elder of Trog.
             Slain by a cyan ugly thing (17 damage)
             ... on level 7 of the Dungeon.
             The game lasted 00:26:29 (8018 turns).

mcbry74 the Severer (Minotaur Berserker)            Turns: 8018, Time: 00:26:29

Health: 0/120      AC: 12    Str: 27    XL:     10   Next: 68%
Magic:  9/9        EV: 15    Int:  6    God:    Trog [****..]
Gold:   29         SH:  0    Dex: 12    Spells: 9/9 levels left

rFire   . . .      SeeInvis .   J - +4 broad axe (freeze)
rCold   . . .      Faith    .   (no shield)
rNeg    . . .      Spirit   .   t - +4 scale mail of Yklamin {Str+3 Dex+2}
rPois   .          Reflect  .   (helmet restricted)
rElec   .          Harm     .   w - +0 cloak
rCorr   .          Rampage  .   (no gloves)
Will    .....                   (no boots)
Stlth   ..........              (no amulet)
HPRegen 0.30/turn               d - +4 ring of evasion
MPRegen 0.11/turn               (no ring)

@: berserking, very quick
A: horns 2, retaliatory headbutt
a: Renounce Religion, Berserk, Trog's Hand, Brothers in Arms


You were on level 7 of the Dungeon.
You worshipped Trog.
Trog was greatly pleased with you.
You visited 1 branch of the dungeon, and saw 7 of its levels.

You collected 308 gold pieces.
You spent 279 gold pieces at shops.

Inventory:

Hand Weapons
 a - a +1 hand axe
 i - the +6 hammer of Breach {vorpal, rN+ Stlth+}
   (You found it on level 3 of the Dungeon)

   It inflicts extra damage upon your enemies.
   rN:        It protects you from negative energy.
   Stlth:     It makes you more stealthy.
 J - a +4 broad axe of freezing (weapon)
Missiles
 c - 105 stones (quivered)
Armour
 b - a +1 animal skin
 o - +0 fire dragon scales
 t - the +4 scale mail of Yklamin (worn) {Str+3 Dex+2}
   (You took it off an orc on level 3 of the Dungeon)

   Str:       It affects your strength (+3).
   Dex:       It affects your dexterity (+2).
 w - a +0 cloak (worn)
 D - +0 acid dragon scales
Jewellery
 d - a +4 ring of evasion (left hand)
 g - a ring of fire
 m - a +6 ring of dexterity
 r - a +6 ring of strength
 C - an amulet of guardian spirit
 G - a +4 ring of evasion
 I - a +6 ring of intelligence
Wands
 k - a wand of charming (7)
 q - a wand of roots (10)
 v - a wand of mindburst (6)
 z - a wand of quicksilver (9)
Scrolls
 j - 3 scrolls of immolation
 l - 2 scrolls of enchant armour
 s - 2 scrolls of teleportation
 x - a scroll of summoning
 y - a scroll of torment
 A - 2 scrolls of identify
 F - 2 scrolls of poison
Potions
 e - 3 potions of lignification
 f - 2 potions of invisibility
 h - 2 potions of cancellation {unknown}
 n - 5 potions of curing
 p - 2 potions of ambrosia {unknown}
 u - a potion of flight {unknown}
 B - 2 potions of resistance
 E - a potion of attraction {unknown}
 H - 2 potions of might


   Skills:
 + Level 4.3 Fighting
 - Level 18.2 Axes
 + Level 5.4 Armour
 + Level 3.3 Dodging


You had 9 spell levels left.
You didn't know any spells.
Your spell library contained the following spells:

 Spells                   Type           Power      Damage    Failure   Level
 Animate Armour           Summ/Erth      0%         N/A       100%        4
 Blade Hands              Tmut           0%         N/A       100%        5
 Iron Shot                Conj/Erth      0%         9d1       100%        6


Dungeon Overview and Level Annotations

Branches:
Dungeon (7/15)             Temple (0/1) D:7

Altars:
Ashenzari
Dithmenos
Fedhas
Nemelex Xobeh
Okawaru
Ru
Trog
Vehumet
The Shining One

Shops:
D:2 !*   D:3 !=


Innate Abilities, Weirdness & Mutations

You have a pair of horns on your head.
You reflexively headbutt those who attack you in melee.


Message History

The cyan ugly thing gurgles horribly!
There is a stone staircase leading up, spattered with blood here.
You climb upwards.
There is a stone staircase leading down here.
You start resting.
HP restored.
You climb downwards.
The cyan ugly thing completely misses you.
There is a stone staircase leading up, spattered with blood here.
You barely miss the cyan ugly thing.
The cyan ugly thing bites you but does no damage.
You closely miss the cyan ugly thing.
Your headbutt misses the cyan ugly thing.
The cyan ugly thing bites you. The cyan ugly thing shocks you!
You slash the cyan ugly thing! You freeze the cyan ugly thing.
You headbutt the cyan ugly thing.
The cyan ugly thing is lightly wounded.
You barely miss the cyan ugly thing.
Your headbutt misses the cyan ugly thing.
The cyan ugly thing is lightly wounded.
The cyan ugly thing bites you. The cyan ugly thing shocks you!
You closely miss the cyan ugly thing. Your punch misses the cyan ugly thing.
The cyan ugly thing is lightly wounded.
The cyan ugly thing barely misses you.
You slash the cyan ugly thing! You freeze the cyan ugly thing.
The cyan ugly thing is moderately wounded.
You closely miss the cyan ugly thing.
The cyan ugly thing is moderately wounded.
The cyan ugly thing barely misses you. You furiously retaliate!
You headbutt the cyan ugly thing. You slash the cyan ugly thing!
You freeze the cyan ugly thing.
The cyan ugly thing is heavily wounded.
The cyan ugly thing bites you! The cyan ugly thing shocks you!
* * * LOW HITPOINT WARNING * * *
A red film seems to cover your vision as you go berserk!
You feel yourself moving faster!
You feel mighty! The cyan ugly thing bites you!
* * * LOW HITPOINT WARNING * * *
The cyan ugly thing shocks you!
You die...

..####...####.B.......#....######
.####..⌠).##..#.#.#.#.#....# #
###.....###..#......#.#....# #
##..#..##....#..#####.#....# #
#.#####.##......#...#.#....# # .
##.##.##.##.#B#.#....# # ##.!Y
##.#..#....#.#....... #..WW
#.#...#####.############# #|:Y#
#...#).÷@u............... #[..o
#.#B#.#####.########....) #.u.
##.#h#.#.#...# #.†........ #..
##.##.#.#...#####.#########
#D##.##.##..#.#..####...## #.
#..Du.##..##.#.......#..## #.
###.###..###.#####..###..# #.
.......hB)........## ##.######†
######....######....+ #......##.


You could see a cyan ugly thing.

Vanquished Creatures
  2 boulder beetles (D:7)
  A cyclops (D:7)
  An unseen horror (D:6)
  Maggie (D:7)
  Grinder (D:5)
  2 wraiths
  4 yaks
  Eustachio (D:5)
  3 steam dragons
  3 water moccasins
  3 ice beasts
  5 sky beasts
  A black bear (D:6)
  3 ogres
  A phantom (D:6)
  A bullfrog (D:7)
  3 scorpions (D:4)
  A necrophage (D:4)
  3 killer bees (D:7)
  2 howler monkeys (D:7)
  A centaur zombie (D:3)
  A bullfrog zombie (D:3)
  A bullfrog skeleton (D:3)
  4 hounds
  2 orc priests (D:3)
  Crazy Yiuf (D:3)
  A gnoll bouda (D:7)
  3 jellies
  Jessica (D:3)
  6 iguanas
  An orc wizard (D:3)
  The ghost of sentinel the Digger, a weakling MeEE of Ru (D:3)
  Robin (D:3)
  5 adders
  3 gnolls (D:5)
  A shadow imp (D:7)
  4 white imps
  An ufetubus (D:4)
  3 worms
  A dart slug (D:4)
  19 orcs
  4 ball pythons
  2 bats
  7 endoplasms
  4 giant cockroaches
  15 goblins
  9 hobgoblins
  4 quokkas
  4 frilled lizards
  6 kobolds
  7 rats
165 creatures vanquished.

Vanquished Creatures (others)
  9 fungi
  A plant (D:2)
10 creatures vanquished.

Grand Total: 175 creatures vanquished

Notes
Turn   | Place    | Note
-------+----------+-------------------------------------------
     0 | D:1      | mcbry74 the Minotaur Berserker began the quest for the Orb.
     0 | D:1      | Reached XP level 1. HP: 19/19 MP: 0/0
   208 | D:1      | Reached XP level 2. HP: 26/27 MP: 1/1
   223 | D:1      | Reached skill level 4 in Axes
   607 | D:2      | Reached XP level 3. HP: 28/33 MP: 2/2
   672 | D:2      | Found Qeana's Distillery.
   676 | D:2      | Found Quniycwess's General Store.
   782 | D:2      | Bought a potion of degeneration for 11 gold pieces
   861 | D:2      | Found a shadowy altar of Dithmenos.
  1151 | D:2      | Reached ** piety under Trog
  1362 | D:3      | Noticed Robin
  1378 | D:3      | Killed Robin
  1379 | D:3      | Reached XP level 4. HP: 22/40 MP: 3/3
  1532 | D:3      | Found a faded altar of an unknown god.
  1558 | D:3      | Found Isoegoc's Jewellery Emporium.
  1596 | D:3      | Found a runed translucent gate.
  1597 | D:3      | Found a runed translucent gate.
  1598 | D:3      | Found a runed translucent gate.
  1600 | D:3      | Noticed sentinel's ghost (weakling MeEE)
  1613 | D:3      | Reached skill level 5 in Axes
  1616 | D:3      | Reached XP level 5. HP: 34/46 MP: 4/4
  1701 | D:3      | Killed sentinel's ghost
  1817 | D:3      | Reached skill level 6 in Axes
  1830 | D:3      | Identified the +4 scale mail of Yklamin {Str+3 Dex+2}
  1839 | D:3      | Found Tutiskag's Distillery.
  1878 | D:3      | Reached XP level 6. HP: 52/52 MP: 5/5
  2104 | D:3      | Found a runed translucent door.
  2105 | D:3      | Noticed Crazy Yiuf
  2112 | D:3      | Killed Crazy Yiuf
  2116 | D:3      | Identified the +6 hammer of Breach {vorpal, rN+ Stlth+}
  2326 | D:3      | Found a bloodstained altar of Trog.
  2373 | D:3      | Found a broken altar of Ashenzari.
  2377 | D:3      | Saw a vision of the Swamp and the Snake Pit.
  2377 | D:3      | Noticed a bloated husk
  2377 | D:3      | Noticed a will-o-the-wisp
  2377 | D:3      | Noticed a will-o-the-wisp
  2377 | D:3      | Noticed a salamander
  2377 | D:3      | Noticed a black mamba
  2377 | D:3      | Noticed a naga mage
  2377 | D:3      | Noticed a naga warrior
  2377 | D:3      | Noticed a mana viper
  2377 | D:3      | Noticed a black mamba
  2378 | D:3      | Noticed a naga mage
  2378 | D:3      | Noticed a shock serpent
  2379 | D:3      | Noticed a mana viper
  2379 | D:3      | Noticed a black mamba
  2380 | D:3      | Noticed a tyrant leech
  2437 | D:3      | Noticed Jessica
  2442 | D:3      | Killed Jessica
  2521 | D:4      | Reached skill level 7 in Axes
  2619 | D:4      | Reached skill level 5 in Armour
  2632 | D:4      | Reached *** piety under Trog
  2713 | D:4      | Found an iron altar of Okawaru.
  2713 | D:4      | Found a radiant altar of Vehumet.
  2812 | D:4      | Reached XP level 7. HP: 59/59 MP: 6/6
  2818 | D:4      | Reached skill level 8 in Axes
  3070 | D:4      | Found a sparkling altar of Nemelex Xobeh.
  3148 | D:5      | Entered Level 5 of the Dungeon
  3154 | D:5      | Noticed Grinder
  3161 | D:5      | Paralysed by Grinder for 2 turns
  3165 | D:5      | Killed Grinder
  3166 | D:5      | Reached skill level 9 in Axes
  3268 | D:5      | Reached skill level 10 in Axes
  3477 | D:5      | Found a blossoming altar of Fedhas.
  3514 | D:5      | Reached XP level 8. HP: 66/66 MP: 7/7
  3568 | D:5      | Noticed Eustachio
  3597 | D:5      | Killed Eustachio
  3602 | D:5      | Reached skill level 11 in Axes
  3675 | D:5      | Reached skill level 12 in Axes
  4303 | D:6      | Found a sacrificial altar of Ru.
  4372 | D:6      | Reached skill level 13 in Axes
  4427 | D:6      | Found a glowing golden altar of the Shining One.
  4530 | D:6      | Reached XP level 9. HP: 57/71 MP: 8/8
  4681 | D:6      | Found a shadowy altar of Dithmenos.
  4728 | D:6      | Reached skill level 14 in Axes
  5416 | D:7      | Reached skill level 15 in Axes
  5662 | D:7      | Noticed a cyan ugly thing
  5662 | D:7      | Noticed a boulder beetle
  5730 | D:7      | Reached **** piety under Trog
  5905 | D:7      | Found a staircase to the Ecumenical Temple.
  5954 | D:7      | Reached skill level 16 in Axes
  6007 | D:7      | Noticed a cyclops
  6014 | D:7      | Killed a cyclops
  6015 | D:7      | Reached XP level 10. HP: 21/78 MP: 9/9
  6420 | D:2      | Bought a +2 broad axe of freezing for 268 gold pieces
  6879 | D:7      | Noticed a boulder beetle
  6900 | D:7      | Killed a boulder beetle
  6901 | D:7      | Reached skill level 17 in Axes
  6946 | D:7      | Noticed Maggie
  7755 | D:7      | Killed a boulder beetle
  7756 | D:7      | Reached skill level 18 in Axes
  7898 | D:7      | Killed Maggie
  8018 | D:7      | Slain by a cyan ugly thing

Illustrated notes

Levels and vault maps discovered:
D:1:      minmay_arrival_cross, layout_basic, st_stairs_11
D:2:      layout_rooms, serial_shops, nicolae_shop_hallway_plus,
          nicolae_shop_trees, serial_aquarium, aquarium_bridge_square
          [aquarium_subvault_bridge, aquarium_subvault_window,
          aquarium_subvault_window, aquarium_subvault_wall],
          aquarium_bridge_straight [aquarium_subvault_bridge,
          aquarium_subvault_balcony, aquarium_subvault_bridge,
          aquarium_subvault_wall], aquarium_window_2, aquarium_window_1,
          aquarium_window_fake, aquarium_view_2e, aquarium_pool_2, basic_altar,
          serial_bayou_ford_a
D:3:      layout_rooms, grunt_ashenzari_visionary
          [grunt_ashenzari_visionary_swamp, grunt_ashenzari_visionary_snake],
          general_overflow_altar, gammafunk_ghost_necromancy, serial_shops,
          shop, nicolae_shop_crystal, shapermc_ecumenical_altar_totnotflames,
          serial_aquarium, aquarium_bridge_straight [aquarium_subvault_bridge,
          aquarium_subvault_wall, aquarium_subvault_bridge,
          aquarium_subvault_window], aquarium_bridge_straight
          [aquarium_subvault_bridge, aquarium_subvault_wall,
          aquarium_subvault_bridge, aquarium_subvault_balcony],
          aquarium_window_1, aquarium_window_double, aquarium_view_2d,
          aquarium_view_2f, dreamdust_mushroom_princess,
          chequers_serial_rivers_marsh, grunt_decor_cap, uniq_jessica,
          uniq_crazy_yiuf_cottage, uniq_robin
D:4:      layout_basic, mainiacjoe_overflow_divided_tiny,
          nemelex_dance_club_becter
D:5:      layout_basic, mainiacjoe_overflow_surrounded_room, serial_aquarium,
          aquarium_bridge_square [aquarium_subvault_bridge,
          aquarium_subvault_balcony, aquarium_subvault_bridge,
          aquarium_subvault_window], aquarium_window_fake, aquarium_window_3,
          aquarium_window_1, aquarium_window_2, aquarium_view_2b,
          aquarium_view_2a, aquarium_balcony_5b, aquarium_pool_corner,
          hex_intersection, grunt_ministairs_13, uniq_grinder, uniq_eustachio
D:6:      layout_loops_ring, nicolae_tso_swordbearing_angel,
          mainiacjoe_overflow_large_starburst
D:7:      minmay_the_grid_octo_triangle [minmay_the_grid_octo_clover_2,
          minmay_the_grid_octo_prize_big_c, minmay_the_grid_octo_fat_diamond],
          layout_basic, minmay_temple_entry_offerings,
          minmay_fractal_squares_gapless_5, uniq_maggie

Skill      XL: |  1  2  3  4  5  6  7  8  9 10 |
---------------+-------------------------------+-----
Axes           | 4 5 6 7 10 13 16 18 | 18.2
Fighting       | 4 |  4.3
Armour         | 3 4 5 |  5.4
Dodging        | 3 |  3.3

Action                   |  1- 3 |  4- 6 |  7- 9 | 10-12 || total
-------------------------+-------+-------+-------+-------++-------
Melee: Hand axe          |    77 |    60 |       |       ||   137
       Headbutt          |    12 |    12 |    37 |    17 ||    78
       Mace              |       |    32 |   194 |     1 ||   227
       Punch             |       |       |     5 |     1 ||     6
       Broad axe         |       |       |       |    80 ||    80
Throw: Stone             |       |       |       |     2 ||     2
Invok: Berserk           |       |     3 |     1 |     2 ||     6
  Use: Scroll            |     2 |     2 |     3 |     9 ||    16
       Potion            |       |       |       |     1 ||     1
 Stab: Sleeping          |     1 |       |       |       ||     1
Armor: Animal skin       |     7 |       |       |       ||     7
       Fire dragon scale |     6 |    20 |       |       ||    26
       Scale mail        |       |     8 |    59 |    25 ||    92
Dodge: Dodged            |    50 |    48 |   115 |    43 ||   256
